 Dungeon Crawl Stone Soup version 0.25.0-1-g7eea58d2a3 (webtiles) character file.

Game seed: 3417628825860356757

94649 Froggeryz the Severer (level 15, 0/211 HPs)
             Began as a Minotaur Berserker on June 13, 2020.
             Was the Champion of Trog.
             Killed from afar by a nagaraja (6 damage)
             ... with a lance of force
             ... on level 4 of the Snake Pit.
             The game lasted 00:35:03 (23356 turns).

Froggeryz the Severer (Minotaur Berserker)         Turns: 23356, Time: 00:35:04

Health: 0/211      AC: 30    Str: 24    XL:     15   Next: 64%
Magic:  0/14       EV: 14    Int:  4    God:    Trog [******]
Gold:   2208       SH: 14    Dex: 11    Spells: 14/14 levels left

rFire    + + .     SeeInvis +   m - +2 broad axe (elec)
rCold    . . .     Gourm    .   k - +0 kite shield
rNeg     + . .     Faith    .   S - +8 fire dragon scales of the Trees {rF++ rC- rN+ rCorr Str-3 SInv}
rPois    +         Spirit   +   d - +2 hat
rElec    .         Reflect  .   K - +2 cloak
rCorr    +         Harm     .   j - +0 pair of gloves
MR       +....                  G - +2 pair of boots {run}
Stlth    ..........             g - amulet of guardian spirit
HPRegen  0.45/turn              n - ring of protection from cold
MPRegen  0.14/turn              N - ring of poison resistance

@: berserking, lethally poisoned (0 -> -10), slowed, quick
A: retaliatory headbutt, horns 2
a: Berserk, Trog's Hand, Brothers in Arms, Renounce Religion


You were on level 4 of the Snake Pit.
You worshipped Trog.
Trog was exalted by your worship.
You were not hungry.

You visited 4 branches of the dungeon, and saw 23 of its levels.
You also visited: Sewer.

You collected 2252 gold pieces.
You spent 44 gold pieces at shops.

Inventory:

Hand Weapons
 m - a +2 broad axe of electrocution (weapon)
 Q - a +7 executioner's axe of flaming
Missiles
 z - a boomerang of dispersal (quivered)
Armour
 d - a +2 hat (worn)
 j - a +0 pair of gloves (worn)
 k - a +0 kite shield (worn)
 G - a +2 pair of boots of running (worn)
 K - a +2 cloak (worn)
 P - the +3 tower shield of the Three Wishes {*Contam MP+9 Int+8}
   (You found it on level 10 of the Dungeon)

   It affects your intelligence (+8).
   It affects your magic capacity (+9).
   It causes magical contamination when unequipped.
 S - the +8 fire dragon scales of the Trees (worn) {rF++ rC- rN+ rCorr Str-3 SInv}
   (You found it on level 6 of the Lair of Beasts)

   It affects your strength (-3).
   It greatly protects you from fire.
   It makes you vulnerable to cold.
   It protects you from negative energy.
   It lets you see invisible.
   It provides partial protection from all sources of acid and corrosion.
Jewellery
 g - an amulet of guardian spirit (around neck)
 n - a ring of protection from cold (left hand)
 x - an uncursed ring of resist corrosion
 C - an uncursed ring of see invisible {unknown}
 E - a cursed amulet of inaccuracy {unknown}
 L - an uncursed ring of protection from cold
 N - a ring of poison resistance (right hand)
 R - the ring of Lady Luck {+Inv Str+6}
   (You found it on level 6 of the Lair of Beasts)

   [ring of strength]

   It affects your strength (+6).
   It lets you turn invisible.
 T - an uncursed amulet of magic regeneration {unknown}
 V - a +4 ring of evasion {unknown}
Wands
 p - a wand of paralysis (8)
 r - a wand of digging (4)
 s - a wand of clouds (1)
 w - a wand of enslavement (11)
 y - a wand of polymorph (19)
 H - a wand of acid (6)
 J - a wand of flame (19)
 O - a wand of random effects (16)
Scrolls
 b - 10 scrolls of teleportation
 h - 3 scrolls of enchant armour
 o - 10 scrolls of remove curse
 B - 2 scrolls of blinking
 M - a scroll of fear
 U - 2 scrolls of identify
Potions
 a - 3 potions of heal wounds
 e - 2 potions of cancellation
 f - 3 potions of stabbing
 i - a potion of brilliance {unknown}
 l - 9 potions of haste
 q - 7 potions of curing
 t - 3 potions of berserk rage {unknown}
 u - 3 potions of resistance
 v - 5 potions of mutation
 A - 5 potions of might
 D - a potion of ambrosia {unknown}
 F - 3 potions of lignification
 I - a potion of flight
Comestibles
 c - 39 rations


   Skills:
 + Level 15.4 Fighting
 + Level 20.2 Axes
 - Level 10.3 Armour
 - Level 8.2 Dodging
 - Level 15.6 Shields


You had 14 spell levels left.
You didn't know any spells.
Your spell library was empty.

Dungeon Overview and Level Annotations

Branches:
Dungeon (11/15)            Temple (0/1) D:4            Lair (6/6) D:9
  Swamp (0/4) Lair:2        Snake (4/4) Lair:2        Slime (0/5) Lair:6
    Orc (2/2) D:11            Elf (0/3) Orc:2         Sewer (visited)

Altars:
Cheibriados
Fedhas
Gozag
Makhleb
Qazlal
Ru
Sif Muna
Vehumet
Xom
Zin
The Shining One
Jiyva

Shops:
D:6 *   D:8 :   Orc:2 !*(}   Snake:1 *

Annotations:
Lair:1 exclusion: 2 oklob plants
Lair:4 exclusion: oklob plant
Lair:6 exclusion: 2 oklob plants


Innate Abilities, Weirdness & Mutations

You reflexively headbutt those who attack you in melee.
You have a pair of horns on your head.


Message History

A guardian serpent comes into view.
The guardian serpent shouts!
A guardian serpent comes into view.
The guardian serpent shouts!
A naga comes into view. It is wielding a +0 flail.
The naga shouts!
You hear a shout!
A black mamba comes into view.
Found 13 gold pieces.
Found two stone staircases leading up.
A nagaraja comes into view. It is wielding a +0 spear.
Unknown command.
* * * LOW HITPOINT WARNING * * *
You feel sick.
The guardian serpent weaves intricate patterns with the tip of its tongue.
The guardian serpent blinks!
The black mamba blinks!
The nagaraja blinks!
The guardian serpent blinks!
The naga mage blinks!
The naga blinks!
You block the guardian serpent's attack.
The naga closely misses you. The naga barely misses you.
The nagaraja casts a spell at you. The lance of force hits you!
You die...

###+###
####.....####
##
##....NS.....##
...
....N..@S.§.S..
....
......NNS..§...
.....
.....⌠...⌠.....
.....
......§.......§
.....
.......<.......
.....
..⌠....§<...⌠§.
.....
......#++#.....
..N.. ......
..... .....
#....⌠ ....#


You could see a naga warrior, a nagaraja, 3 guardian serpents, a black mamba, a
naga mage and a naga.

Vanquished Creatures
  Vashnia (Snake:4)
  A nagaraja (Snake:2)
  An ice dragon (Lair:6)
  5 hydras
  7 two-headed ogres
  4 naga warriors
  A merfolk avatar (Lair:6)
  4 anacondas
  4 naga sharpshooters (Snake:3)
  An ogre mage (D:11)
  5 orc high priests
  3 shock serpents
  An unseen horror (D:10)
  7 naga ritualists
  Pikel (D:8)
  2 salamanders
  12 mana vipers
  4 manticores
  An orc sorcerer (Orc:2)
  9 elephants
  9 naga magi
  31 black mambas
  6 guardian serpents
  An ice statue (Lair:6)
  9 spiny frogs
  Maggie (D:7)
  11 rime drakes
  7 komodo dragons
  3 polar bears (Lair:6)
  6 trolls
  5 hornets (Lair:6)
  3 hippogriffs
  6 dream sheep (Lair:6)
  17 blink frogs
  2 wraiths
  A shadow (D:11)
  24 yaks
  2 wyverns
  2 basilisks (Lair:3)
  23 nagas
  2 wargs (Orc:1)
  18 water moccasins
  20 orc warriors
  Purgy (Sewer)
  12 porcupines
  10 ice beasts
  3 sky beasts
  11 ogres
  A slave (D:8)
  2 black bears
  A phantom (D:4)
  10 wolves
  5 centaurs
  18 crocodiles
  A big kobold (D:8)
  13 bullfrogs
  6 scorpions
  4 killer bees (D:10)
  8 wights
  An electric eel (Lair:3)
  3 howler monkeys
  10 crimson imps
  2 quasits
  3 jellies
  29 orc priests
  8 hounds
  21 orc wizards
  2 bullfrog skeletons
  A centaur skeleton (D:9)
  3 iguanas
  3 worker ants
  4 hell rats (Lair:4)
  2 hound zombies
  3 hound skeletons
  A howler monkey zombie (D:6)
  Robin (D:2)
  7 gnolls
  11 adders
  3 shadow imps
  A white imp (Lair:6)
  An ooze (D:2)
  3 adder skeletons
  3 worms
  2 dart slugs
  2 leopard geckos
  72 orcs
  5 bats
  6 giant cockroaches
  16 goblins
  16 hobgoblins
  4 quokkas
  5 frilled lizards
  2 goblin skeletons (D:5)
  2 goblin zombies (D:5)
  3 hobgoblin zombies (D:5)
  13 kobolds
  2 orc skeletons (D:5)
  An orc zombie (D:5)
  A quokka zombie (D:5)
  11 rats
  6 fungi
  4 plants (Lair:3)
  A toadstool (D:7)
689 creatures vanquished.

Vanquished Creatures (collateral kills)
  A naga ritualist (Snake:1)
  A mana viper (Snake:1)
2 creatures vanquished.

Vanquished Creatures (others)
  A polar bear (Lair:6)
  A slave (D:8)
  An orc wizard (Orc:2)
  4 fungi
  16 plants
  4 toadstools (D:7)
27 creatures vanquished.

Grand Total: 718 creatures vanquished

Notes
Turn   | Place    | Note
-------+----------+-------------------------------------------
     0 | D:1      | Froggeryz the Minotaur Berserker began the quest for the
                  | Orb.
     0 | D:1      | Reached XP level 1. HP: 19/19 MP: 0/0
    47 | D:1      | Reached skill level 4 in Axes
   116 | D:1      | Reached XP level 2. HP: 21/26 MP: 1/1
   688 | D:2      | Reached skill level 5 in Axes
   691 | D:2      | Reached XP level 3. HP: 27/31 MP: 2/2
   736 | D:2      | Noticed Robin
   743 | D:2      | Reached ** piety under Trog
   750 | D:2      | Killed Robin
   903 | D:2      | Found a radiant altar of Vehumet.
   937 | D:2      | Reached skill level 6 in Axes
   937 | D:2      | Reached XP level 4. HP: 39/39 MP: 0/3
   984 | D:2      | Found a glowing silver altar of Zin.
   985 | D:2      | Found a shimmering altar of Xom.
   991 | D:2      | Found a sacrificial altar of Ru.
  1775 | D:3      | Reached *** piety under Trog
  1775 | D:3      | Reached skill level 7 in Axes
  1775 | D:3      | Reached XP level 5. HP: 35/45 MP: 2/4
  2245 | D:4      | Reached skill level 8 in Axes
  2266 | D:4      | Found a glowing drain.
  2284 | Sewer    | Entered a sewer
  2289 | Sewer    | Reached XP level 6. HP: 51/51 MP: 5/5
  2392 | Sewer    | Noticed Purgy
  2404 | Sewer    | Killed Purgy
  2542 | D:4      | Found an opulent altar of Gozag.
  2571 | D:4      | Found a staircase to the Ecumenical Temple.
  2598 | D:4      | Reached skill level 9 in Axes
  2628 | D:4      | Reached XP level 7. HP: 28/57 MP: 2/6
  2867 | D:4      | Reached skill level 10 in Axes
  3059 | D:5      | Entered Level 5 of the Dungeon
  3265 | D:5      | Reached **** piety under Trog
  3266 | D:5      | Found a glowing golden altar of the Shining One.
  3376 | D:5      | Found a stormy altar of Qazlal.
  3574 | D:6      | Found a snail-covered altar of Cheibriados.
  3585 | D:6      | Reached skill level 11 in Axes
  3589 | D:6      | Reached XP level 8. HP: 48/64 MP: 5/7
  3800 | D:6      | Reached skill level 5 in Armour
  4069 | D:6      | Reached skill level 12 in Axes
  4224 | D:6      | Found Zeykeukha's General Store.
  4431 | D:6      | Reached ***** piety under Trog
  4431 | D:6      | Reached XP level 9. HP: 66/70 MP: 8/8
  4736 | D:7      | Reached skill level 13 in Axes
  4807 | D:7      | Found the +10 Black Knight's horse barding {ponderous,
                  | rPois rN+}
  4903 | D:7      | Noticed Maggie
  5045 | D:7      | Killed Maggie
  5597 | D:8      | Noticed Pikel
  5616 | D:8      | Killed Pikel
  5616 | D:8      | Reached skill level 14 in Axes
  5712 | D:8      | Received a gift from Trog
  5848 | D:8      | Found Daneirut's Book Emporium.
  6247 | D:9      | Noticed a troll
  6265 | D:9      | Reached XP level 10. HP: 49/77 MP: 4/9
  6585 | D:9      | Reached skill level 15 in Axes
  6650 | D:9      | Found a burning altar of Makhleb.
  6650 | D:9      | Found a shimmering blue altar of Sif Muna.
  6683 | D:9      | Noticed a two-headed ogre
  6693 | D:9      | Killed a two-headed ogre
  6693 | D:9      | Reached skill level 5 in Fighting
  6812 | D:9      | Noticed a two-headed ogre
  6821 | D:9      | Killed a two-headed ogre
  6821 | D:9      | Reached skill level 16 in Axes
  6885 | D:9      | Found a staircase to the Lair.
  6917 | Lair:1   | Entered Level 1 of the Lair of Beasts
  7059 | Lair:1   | Reached XP level 11. HP: 56/91 MP: 7/10
  7436 | Lair:1   | Noticed an oklob plant
  7637 | Lair:1   | Reached skill level 17 in Axes
  7982 | Lair:1   | Noticed an oklob plant
  8212 | Lair:2   | Noticed a seven-headed hydra
  8403 | Lair:2   | Received a gift from Trog
  8416 | Lair:2   | Found a staircase to the Swamp.
  8473 | Lair:2   | Killed a five-headed hydra
  8576 | Lair:2   | Reached skill level 18 in Axes
  8693 | Lair:2   | Reached skill level 1 in Shields
  8797 | Lair:2   | Found a staircase to the Snake Pit.
 10381 | Lair:4   | Found a blossoming altar of Fedhas.
 10405 | Lair:4   | Noticed an oklob plant
 10546 | Lair:4   | Reached skill level 10 in Armour
 10839 | Lair:4   | Reached XP level 12. HP: 96/102 MP: 8/11
 10911 | Lair:4   | Reached skill level 5 in Shields
 11626 | Lair:5   | Received a gift from Trog
 11626 | Lair:5   | Reached skill level 10 in Fighting
 11950 | Lair:5   | Noticed a six-headed hydra
 11956 | Lair:5   | Killed a three-headed hydra
 12489 | Lair:6   | Entered Level 6 of the Lair of Beasts
 12513 | Lair:6   | Noticed a merfolk avatar
 13062 | Lair:6   | Reached skill level 10 in Shields
 13067 | Lair:6   | Killed a merfolk avatar
 13067 | Lair:6   | Reached XP level 13. HP: 117/117 MP: 12/12
 13241 | Lair:6   | Found a viscous altar of Jiyva.
 13242 | Lair:6   | Found a staircase to the Slime Pits.
 13470 | Lair:6   | Paralysed by a hornet for 2 turns
 13499 | Lair:6   | Reached skill level 5 in Dodging
 14097 | Lair:6   | Received a gift from Trog
 14771 | Lair:6   | Got an ancient brass ring
 14852 | Lair:6   | Got brightly glowing fire dragon scales
 14853 | Lair:6   | Identified the +8 fire dragon scales of the Trees {rF++ rC-
                  | rN+ rCorr Str-3 SInv} (You found it on level 6 of the Lair
                  | of Beasts)
 14865 | Lair:6   | Identified the ring of Lady Luck {+Inv Str+6} (You found it
                  | on level 6 of the Lair of Beasts)
 15321 | D:10     | Entered Level 10 of the Dungeon
 15436 | D:10     | Identified a +0 pair of boots of running (You found it on
                  | level 10 of the Dungeon)
 15589 | D:10     | Got a crude tower shield
 15590 | D:10     | Identified the +3 tower shield of the Three Wishes {*Contam
                  | MP+9 Int+8} (You found it on level 10 of the Dungeon)
 16011 | D:11     | Found a staircase to the Orcish Mines.
 16362 | D:11     | Reached XP level 14. HP: 110/126 MP: 13/13
 16500 | D:11     | Received a gift from Trog
 16930 | Orc:1    | Entered Level 1 of the Orcish Mines
 17438 | Orc:2    | Entered Level 2 of the Orcish Mines
 17441 | Orc:2    | Found a staircase to the Elven Halls.
 17866 | Orc:2    | Received a gift from Trog
 17881 | Orc:2    | Reached skill level 15 in Shields
 17891 | Orc:2    | Found Deobb's Assorted Antiques.
 17891 | Orc:2    | Found Idoboh's Distillery.
 18517 | Orc:2    | Found Bykikhle's Weapon Boutique.
 18520 | Orc:2    | Found Gunkaorch's Gadget Boutique.
 18526 | Orc:2    | Bought a potion of degeneration for 13 gold pieces
 19046 | Snake:1  | Entered Level 1 of the Snake Pit
 19326 | Snake:1  | Found Deffy's Assorted Antiques.
 19336 | Snake:1  | Bought a scroll labeled NOIGEIGOFF for 31 gold pieces
 19384 | Snake:1  | Received a gift from Trog
 19400 | Snake:1  | Reached ****** piety under Trog
 20634 | Snake:2  | Reached skill level 19 in Axes
 20718 | Snake:2  | Reached XP level 15. HP: 121/137 MP: 12/14
 21204 | Snake:2  | Noticed a nagaraja
 21217 | Snake:2  | Killed a nagaraja
 21521 | Snake:2  | You fall into a shaft and drop 1 floor!
 21630 | Snake:3  | Received a gift from Trog
 22315 | Snake:4  | Entered Level 4 of the Snake Pit
 22334 | Snake:4  | Noticed Vashnia
 23278 | Snake:4  | Killed Vashnia
 23278 | Snake:4  | Reached skill level 15 in Fighting
 23278 | Snake:4  | Reached skill level 20 in Axes
 23317 | Snake:4  | Found an opulent altar of Gozag.
 23324 | Snake:4  | Noticed a nagaraja
 23354 | Snake:4  | HP: 9/211 [guardian serpent (2)]
 23356 | Snake:4  | Noticed a nagaraja
 23356 | Snake:4  | Killed from afar by a nagaraja

Illustrated notes

Levels and vault maps discovered:
D:1:      minmay_arrival_radiant_lines, layout_basic
D:2:      layout_loops_ring, lemuel_coloured_pillars_altar,
          gammafunk_temple_overflow_forgotten, uniq_robin
D:3:      layout_basic, kennysheep_generic_room_10
D:4:      layout_cave_pools, minmay_temple_entry_tees, serial_column_ruins,
          column_ruins_square_small, column_ruins_open_small,
          column_ruins_open_tiny, column_ruins_columns_dead_end,
          column_ruins_open_medium, column_ruins_columns_corner,
          cheibrodos_sewer_entry_drain, first_ration, nicolae_gozag_seed_capital
D:5:      layout_basic, nicolae_tso_besieged_by_evil,
          nicolae_qazlal_general_emergency
D:6:      layout_basic, cheibriados_altar_1, serial_shops, shop,
          hangedman_abyss_or_decor_lesser_grid
D:7:      layout_cave_pools, minmay_gold_behind_fungi, grunt_ogre_cave,
          uniq_maggie
D:8:      layout_loops_corners, serial_shops, shop, minivault_26, uniq_pikel
D:9:      layout_basic, gammafunk_temple_overflow_wave, david_lair_shrubbed
D:10:     layout_loops_cross
D:11:     layout_grid_maze, orc_0_dummy, grunt_ministairs_1,
          chequers_serial_rivers_room_a
Lair:1:   dpeg_oklob_gauntlet, layout_cave_pods, st_stairs_10,
          chequers_serial_rivers_large_a, minmay_lair_oklob_bushes,
          beast_lair_carwin_6
Lair:2:   layout_cave_pods, swamp_mist, minmay_snake_entry_guardpost_medium
Lair:3:   layout_small_grid, serial_bayou_lagoon_b
Lair:4:   layout_regular_city, tgw_fedhas
Lair:5:   layout_loops_ring, minmay_lair_drake_nest, grunt_megastairs_3,
          infiniplex_staircase_pool
Lair:6:   gammafunk_lair_ancient_temple, layout_small_grid, slime_altar_1,
          ice2_lemuel, minmay_lair_oklob_chamber
Snake:1:  layout_chambers, serial_shops, nicolae_shop_statue_plus
Snake:2:  layout_gridlike
Snake:3:  layout_onion_interference
Snake:4:  snake_hunt, layout_layer_cave, basic_altar, serial_shops, shop_statue,
          st_stairs_12, uniq_aizul, uniq_vashnia, uniq_nikola, uniq_donald
Orc:1:    layout_caves, nicolae_orc_bridge_out
Orc:2:    st_orc_mages, layout_caves, nicolae_orc_rockfall

Skill      XL: |  1  2  3  4  5  6  7  8  9 10 11 12 13 14 15 |
---------------+----------------------------------------------+-----
Axes           | 4 5 6 7 8 9 11 12 14 16 18 19 20 | 20.2
Armour         | 4 6 8 9 10 | 10.3
Fighting       | 6 8 11 12 13 15 | 15.4
Shields        | 4 10 13 15 | 15.6
Dodging        | 8 |  8.2

Action                   |  1- 3 |  4- 6 |  7- 9 | 10-12 | 13-15 || total
-------------------------+-------+-------+-------+-------+-------++-------
Melee: Hand axe          |    62 |   141 |   220 |       |       ||   423
       Headbutt          |     8 |    26 |    60 |   104 |   185 ||   383
       War axe           |       |       |   113 |   138 |       ||   251
       Broad axe         |       |       |       |   334 |   922 ||  1256
Invok: Berserk           |     1 |     1 |     2 |     1 |     2 ||     7
       Trog's Hand       |       |       |     1 |       |       ||     1
Evoke: Wand              |       |       |       |     4 |     1 ||     5
  Use: Potion            |     4 |       |     1 |       |     7 ||    12
       Scroll            |       |       |    10 |     8 |    13 ||    31
  Eat: Chunk             |     1 |     6 |    11 |    16 |    21 ||    55
       Ration            |       |       |     1 |     2 |     4 ||     7
Armor: Animal skin       |    12 |       |       |       |       ||    12
       Ring mail         |    23 |    22 |       |       |       ||    45
       Scale mail        |       |    14 |   134 |   167 |    73 ||   388
       Fire dragon scale |       |       |       |       |   275 ||   275
Dodge: Dodged            |    36 |    65 |   161 |   183 |   385 ||   830
Block: Kite shield       |       |       |       |       |   379 ||   379
